 Dungeon Crawl Stone Soup version 0.18-a0-1060-g4fac74f (webtiles) character file.

223 namelastname112 the Sneak (level 5, 0/41 HPs)
             Began as a Draconian Wizard on Jan 12, 2016.
             Was a Follower of Dithmenos.
             Slain by a gnoll
             ... wielding a +0 whip of electrocution
              (8 damage)
             ... on level 6 of the Dungeon.
             The game lasted 00:07:00 (4634 turns).

namelastname112 the Sneak (Draconian Wizard)        Turns: 4634, Time: 00:07:00

Health: 0/41       AC:  5    Str: 10    XL:     5   Next: 66%
Magic:  9/9        EV: 18    Int: 18    God:    Dithmenos [*.....]
Gold:   174        SH:  0    Dex: 15    Spells: 1 memorised, 9 levels left

rFire  + . .     SeeInvis .     d - +0 short sword
rCold  . . .     Gourm    .     (armour unavailable)
rNeg   . . .     Faith    .     (no shield)
rPois  .         Spirit   .     a - +0 hat
rElec  .         Dismiss  .     (no cloak)
rCorr  .         Reflect  .     (no gloves)
SustAt .         Harm     .     (no boots)
MR     .....                    (no amulet)
Stlth  ++++......               (no ring)
                                q - ring of protection from fire

@: agile, wreathed by umbra, not resistant to hostile enchantments, stealthy
A: unfitting armour, cold-blooded, AC +5
a: Renounce Religion


You were on level 6 of the Dungeon.
You worshipped Dithmenos.
Dithmenos was aware of your devotion.
You were not hungry.

You visited 1 branch of the dungeon, and saw 6 of its levels.

You collected 174 gold pieces.

Inventory:

Hand Weapons
 d - a +0 short sword (weapon)
Armour
 a - a +0 hat (worn)
Jewellery
 q - a ring of protection from fire (left hand)
Scrolls
 e - 2 scrolls of fog {unknown}
 f - a scroll of blinking {unknown}
 g - a scroll of fear {unknown}
 h - a scroll of enchant weapon {unknown}
 j - 4 scrolls of identify {unknown}
 l - a scroll of enchant armour {unknown}
 m - 2 scrolls of teleportation {unknown}
 r - a scroll of amnesia {unknown}
 s - a scroll of magic mapping {unknown}
 t - a scroll of remove curse {unknown}
 u - a scroll of noise {unknown}
Potions
 n - a potion of curing {unknown}
 p - a potion of mutation {unknown}
Books
 b - a book of Minor Magic

   Spells                             Type                      Level
   a - Magic Dart                     Conjuration                  1
   b - Blink                          Translocation                2
   c - Call Imp                       Summoning                    2
   d - Repel Missiles                 Charms/Air                   2
   e - Slow                           Hexes                        2
   f - Conjure Flame                  Conjuration/Fire             3
   g - Mephitic Cloud                 Conjuration/Poison/Air       3
Comestibles
 c - 6 bread rations
 i - 2 royal jellies
 v - a beef jerky


   Skills:
 + Level 2.0 Fighting
 * Level 3.1 Short Blades
 + Level 2.8 Dodging
 * Level 3.5 Stealth
 - Level 3.0 Spellcasting
 - Level 1.0 Conjurations
   Level 1.0 Summonings
   Level 1.0 Translocations


You had 9 spell levels left.
You knew the following spells:

 Your Spells              Type           Power        Failure   Level  Hunger
z - Magic Dart            Conj           #...         12%         1    None


Dungeon Overview and Level Annotations

Branches:
Dungeon (6/15)
 Temple: D:4-7

Altars:
Cheibriados
Dithmenos
Qazlal
Vehumet
Yredelemnul

Shops:
D:4 ?

Annotations:
D:3 namelastname112's ghost, amateur DrWz
D:4 1 exclusion, Eustachio; Jessica; Sigmund


Innate Abilities, Weirdness & Mutations

Your plain brown scales are hard (AC +5).
Your body does not fit into most forms of armour.
You are cold-blooded and may be slowed by cold attacks.


Message History

* * * LOW HITPOINT WARNING * * *
You barely miss the gnoll. The gnoll barely misses you.
You barely miss the gnoll. The gnoll barely misses you.
You hit the gnoll.
Your tail-slap misses the gnoll.
The gnoll is lightly wounded.
The gnoll closely misses you. The gnoll completely misses you.
You hit the gnoll.
The gnoll is heavily wounded.
The gnoll barely misses you.
You hit the gnoll.
The gnoll is heavily wounded.
The gnoll misses you. x2
You closely miss the gnoll.
Your tail-slap misses the gnoll.
The gnoll is heavily wounded.
The gnoll closely misses you.
You closely miss the gnoll.
The gnoll is heavily wounded.
The gnoll closely misses you.
The gnoll hits you with a whip of electrocution!
You die...

## ##.
##...
.....
......
......#
.......##
#.g@#
##†..#
##...#
##...#
#....
#....
.....
.....


You could see a gnoll.

Vanquished Creatures
  An orc priest (D:3)
  A hound (D:4)
  A worker ant (D:4)
  2 adders
  A shadow imp (D:5)
  An ooze (D:3)
  3 worms
  3 giant geckos
  14 orcs
  4 giant cockroaches
  11 goblins
  10 hobgoblins
  7 kobolds
  A quokka (D:2)
  5 bats
  2 giant gecko skeletons
  5 giant newts
  9 rats
81 creatures vanquished.

Notes
Turn   | Place    | Note
--------------------------------------------------------------
     0 | D:1      | namelastname112 the Draconian Wizard began the quest for the Orb.
     0 | D:1      | Reached XP level 1. HP: 14/14 MP: 4/4
   157 | D:1      | Reached skill level 1 in Short Blades
   182 | D:1      | Reached XP level 2. HP: 17/22 MP: 6/6
   581 | D:1      | Reached skill level 1 in Fighting
   727 | D:2      | Reached XP level 3. HP: 9/28 MP: 7/7
   772 | D:2      | Found a radiant altar of Vehumet.
  1089 | D:2      | Found a faded altar to an unknown god.
  1101 | D:2      | Became a worshipper of Dithmenos the Shadowed
  1101 | D:2      | Reached * piety under Dithmenos
  1245 | D:2      | Found a basalt altar of Yredelemnul.
  1927 | D:2      | Reached XP level 4. HP: 21/35 MP: 8/8
  2659 | D:3      | Noticed namelastname112's ghost (amateur DrWz)
  2811 | D:4      | Reached XP level 5. HP: 37/41 MP: 9/9
  2848 | D:4      | Found a stormy altar of Qazlal.
  2891 | D:4      | Noticed Jessica
  2891 | D:4      | Noticed Sigmund
  3137 | D:4      | Found a snail-covered altar of Cheibriados.
  3624 | D:4      | Found Heivoyzy's Magic Scroll Boutique.
  3689 | D:4      | Noticed Eustachio
  4345 | D:4      | Reached ** piety under Dithmenos
  4418 | D:5      | Entered Level 5 of the Dungeon
  4634 | D:6      | Slain by a gnoll

Vault maps used:
D:1:      lightli_arrival_noodles
D:2:      lemuel_doored_altar, lemuel_crystal_altar, marbit_many_paths,
          ecumenical_altar_1
D:3:      first_bread, hangedman_abyss_or_decor_lesser_grid
D:4:      tgw_sif, cheibriados_altar_1, grunt_qazlal_sundering, serial_shops,
          shop, roderic_serpentine_path, st_stairs_12, uniq_eustachio,
          uniq_sigmund, uniq_crazy_yiuf_cottage
D:5:      basic_altar
D:6:      minmay_temple_entry_junction2, serial_shops,
          nicolae_shop_behind_doors, uniq_edmund

Action                   |  1- 3 |  4- 6 || total
-------------------------+-------+-------++-------
Melee: Short sword       |   175 |   160 ||   335
 Cast: Magic Dart        |     8 |       ||     8
  Use: Potion            |       |     1 ||     1
 Stab: Sleeping          |     5 |     5 ||    10
  Eat: Chunk             |     2 |     7 ||     9
       Beef jerky        |       |     2 ||     2
